[Event "November 21 Late 2023"]
[Site "https://www.chess.com"]
[Date "2023.11.21"]
[Round "5"]
[White "Batsiashvili, Nino"]
[Black "Broca Jimenez, Fernando"]
[Result "1-0"]
[Board "129"]
[TimeControl "180+1"]
[WhiteFideId "13602993"]
[BlackFideId "5104742"]
[WhiteElo "2233"]
[BlackElo "2062"]
[WhiteTeam "GEO"]
[BlackTeam "MEX"]
[WhiteClock "0:00:46"]
[BlackClock "0:00:22"]

1. d4 Nf6 2. c4 e6 3. Nc3 Bb4 4. Nf3 c5 5. dxc5 Bxc5 6. e3 O-O 7. Be2 Nc6 8. O-O d5 9. cxd5 Nxd5 10. Nxd5 Qxd5 11. Qxd5 exd5 12. Bd2 Bg4 13. Rac1 Bb6 14. Bc3 Rad8 15. h3 Bxf3 16. Bxf3 d4 17. exd4 Nxd4 18. Bxd4 Bxd4 19. Rc2 b6 20. Rd2 Bf6 21. Rfd1 Rxd2 22. Rxd2 Rd8 23. Rc2 g6 24. g3 Kg7 25. b4 Rd7 26. b5 Be5 27. Rc8 Bd4 28. Kf1 Re7 29. Bd5 Re5 30. Rd8 Bc5 31. a4 Re7 32. Ra8 h5 33. h4 Kf6 34. Kg2 Ke5 35. Bb3 Kd4 36. Rf8 f5 37. Rf6 Re2 38. Rxg6 Kc3 39. Bf7 Rxf2+ 40. Kh1 Kb4 41. Rg5 Rf1+ 42. Kg2 Rf2+ 43. Kh3 Kxa4 44. Bxh5 Kxb5 45. Bg6 a5 46. h5 a4 47. h6 Bd4 48. Bxf5 Kb4 49. h7 a3 50. Rg4 Rxf5 51. Rxd4+ Kc5 52. h8=Q Rh5+ 53. Qxh5+ Kxd4 54. Qb5 Kc3 55. Qxb6 a2 56. Qa5+ Kb2 57. g4 a1=Q 58. Qxa1+ Kxa1 59. g5 Kb2 60. g6 Kc3 61. g7 Kd4 62. g8=Q Ke5 63. Qf7 Kd6 64. Kg4 Ke5 65. Qf5+ Kd6 66. Kf4 Kc6 67. Ke4 Kd6 68. Qd5+ Ke7 69. Ke5 Kf8 70. Qb7 Ke8 71. Ke6 Kf8 72. Qf7# 1-0

[Event "November 21 Late 2023"]
[Site "https://www.chess.com"]
[Date "2023.11.21"]
[Round "5"]
[White "Vila Dupla, Aurelio"]
[Black "Melikhov, Evgeny V."]
[Result "1/2-1/2"]
[Board "130"]
[TimeControl "180+1"]
[WhiteFideId "2203383"]
[BlackFideId "4122046"]
[WhiteElo "2009"]
[BlackElo "2165"]
[WhiteTeam "ESP"]
[BlackTeam "GRE"]
[WhiteClock "0:00:09"]
[BlackClock "0:00:03"]

1. Nf3 f5 2. c4 Nf6 3. g3 d6 4. Bg2 e5 5. O-O Be7 6. Nc3 O-O 7. Rb1 a5 8. a3 c6 9. b4 Be6 10. d3 Nbd7 11. Ng5 Bf7 12. Nxf7 Rxf7 13. b5 Rc8 14. bxc6 bxc6 15. Bd2 Nc5 16. Be3 Ne6 17. Bb6 Qd7 18. Qa4 d5 19. cxd5 cxd5 20. Qxd7 Nxd7 21. Nxd5 Bxa3 22. Bxa5 f4 23. Nb6 Nxb6 24. Rxb6 Re7 25. Bd5 Kf7 26. Ra1 Bc5 27. Rb7 Rxb7 28. Bxb7 Rb8 29. Bd5 Kf6 30. Bc3 Bd4 31. Bxd4 Nxd4 32. Ra6+ Kf5 33. Be4+ Kg5 34. Kg2 g6 35. Ra7 Nxe2 36. Rxh7 Rb2 37. Rg7 fxg3 38. hxg3 Nd4 39. Rxg6+ Kh5 40. Rg8 Kh6 41. Rh8+ Kg7 42. Rh7+ Kf6 43. Rh6+ Ke7 44. Rh5 Kf6 45. Rh6+ Ke7 46. Ra6 Nc2 47. Kf3 Nd4+ 48. Kg2 Nc2 49. Ra7+ Kf6 50. Ra6+ Ke7 1/2-1/2

[Event "November 21 Late 2023"]
[Site "https://www.chess.com"]
[Date "2023.11.21"]
[Round "5"]
[White "Suspenser17"]
[Black "Curtis, John"]
[Result "0-1"]
[Board "131"]
[TimeControl "180+1"]
[BlackFideId "3200256"]
[WhiteElo "2398"]
[BlackElo "2203"]
[BlackTeam "AUS"]
[WhiteClock "0:02:19"]
[BlackClock "0:02:18"]

1. e4 c5 2. Nf3 d6 3. d4 cxd4 4. Nxd4 Nf6 5. Nc3 a6 6. Bg5 e5 7. Nb3 Be6 8. Be2 Nbd7 9. Qd2 Rc8 10. O-O h6 11. Be3 b5 12. f3 Nb6 13. Rfd1 Nc4 14. Bd3 Nxd2 0-1

[Event "November 21 Late 2023"]
[Site "https://www.chess.com"]
[Date "2023.11.21"]
[Round "5"]
[White "Rios Escobar, Adan"]
[Black "Elbebiber"]
[Result "1-0"]
[Board "132"]
[TimeControl "180+1"]
[WhiteFideId "3403645"]
[WhiteElo "2395"]
[BlackElo "2187"]
[WhiteTeam "CHI"]
[WhiteClock "0:00:05"]
[BlackClock "0:00:04"]

1. Nf3 Nf6 2. c4 e6 3. Nc3 b6 4. g3 Bb7 5. Bg2 Be7 6. O-O O-O 7. d4 Ne4 8. Re1 Nxc3 9. bxc3 d6 10. e4 Nd7 11. a4 a5 12. Nd2 e5 13. f4 Bf6 14. Nf3 Qe7 15. Ra2 g6 16. Ba3 c5 17. fxe5 dxe5 18. d5 Qd6 19. Bc1 Ba6 20. Bf1 Bg7 21. Rf2 Rae8 22. Qc2 h6 23. Bd2 Kh7 24. h4 f5 25. h5 Bf6 26. hxg6+ Kxg6 27. exf5+ Kh7 28. g4 Rg8 29. Nh2 Rg7 30. Re4 Reg8 31. Rg2 Bg5 32. Qc1 Nf6 33. Re1 Bxd2 34. Qxd2 e4 35. Be2 Bc8 36. Qe3 Qe5 37. Bd1 Bd7 38. Kh1 Qe7 39. Ree2 Qe5 40. Re1 Bc8 41. Nf3 Qe7 42. Nh4 Ne8 43. Ng6 Qg5 44. Qxg5 hxg5 45. Rh2# 1-0

[Event "November 21 Late 2023"]
[Site "https://www.chess.com"]
[Date "2023.11.21"]
[Round "5"]
[White "Freeeeeeeeeeeeeeeeee"]
[Black "Skaric, Djuro"]
[Result "0-1"]
[Board "133"]
[TimeControl "180+1"]
[BlackFideId "934569"]
[WhiteElo "2086"]
[BlackElo "2282"]
[BlackTeam "SRB"]
[WhiteClock "0:00:00"]
[BlackClock "0:01:15"]

1. e4 d6 2. Nf3 g6 3. Nc3 Bg7 4. Be2 Nf6 5. O-O O-O 6. d3 Nc6 7. h3 e5 8. a3 h6 9. Be3 Nd7 10. Nd5 Kh7 11. c4 f5 12. Nd2 f4 13. Bg4 Qh4 14. g3 Qd8 15. gxf4 exf4 16. Bxf4 Nde5 17. Be2 Nd4 18. Bxe5 dxe5 19. Bg4 c6 20. Ne3 h5 21. Bxc8 Qxc8 22. Kh2 Bh6 23. Ng2 Qe6 24. f4 exf4 25. Nf3 Nxf3+ 26. Qxf3 Rf7 27. b3 Raf8 28. d4 Bg7 29. Rad1 Qf6 30. e5 Qg5 31. e6 Re7 32. d5 Be5 33. Rfe1 cxd5 34. cxd5 Bd6 35. b4 Qh6 36. Rg1 g5 37. Qe4+ Qg6 38. Qxg6+ Kxg6 39. Nh4+ Kh6 40. Nf3 g4 41. hxg4 hxg4 42. Rxg4 Rg7 43. Rh4+ Kg6 44. Rg1+ Kf6 45. Rh6+ Kf5 46. Rxg7 Ke4 47. Ng5+ Ke3 48. Rf7 Rc8 49. Rh3+ Ke2 50. e7 f3+ 0-1

[Event "November 21 Late 2023"]
[Site "https://www.chess.com"]
[Date "2023.11.21"]
[Round "5"]
[White "Akhayan, Ruben"]
[Black "katharinareinecke"]
[Result "1-0"]
[Board "134"]
[TimeControl "180+1"]
[WhiteFideId "204439"]
[WhiteElo "2141"]
[BlackElo "1988"]
[WhiteTeam "BEL"]
[WhiteClock "0:00:40"]
[BlackClock "0:00:03"]

1. e4 c6 2. d4 d5 3. exd5 cxd5 4. c4 Nf6 5. Nc3 e6 6. Nf3 Nc6 7. c5 Be7 8. Bd3 O-O 9. O-O b6 10. Bb5 Bb7 11. Bxc6 Bxc6 12. Ne5 Rc8 13. b4 a5 14. a3 Bb7 15. Re1 Nd7 16. Bf4 Nxe5 17. Bxe5 f6 18. Bg3 bxc5 19. bxc5 Qd7 20. Qe2 e5 21. dxe5 Rxc5 22. e6 Qc8 23. Na4 Rc2 24. Qd3 Qc6 25. Qb3 d4 26. f3 Rc8 27. Rab1 Ba6 28. Nb6 Rb8 29. Bxb8 Bb7 30. Nd5 Qxd5 31. Qxc2 Bc5 32. Kh1 d3 33. Qd2 h6 34. Bg3 Qh5 35. Rxb7 1-0

[Event "November 21 Late 2023"]
[Site "https://www.chess.com"]
[Date "2023.11.21"]
[Round "5"]
[White "Dias, Joao Batista"]
[Black "Figorito, Nick"]
[Result "1-0"]
[Board "135"]
[TimeControl "180+1"]
[WhiteFideId "2108240"]
[BlackFideId "30923689"]
[WhiteElo "1907"]
[BlackElo "2381"]
[WhiteTeam "BRA"]
[BlackTeam "USA"]
[WhiteClock "0:02:04"]
[BlackClock "0:01:27"]

1. e4 e6 2. d4 d5 3. Nc3 Bb4 4. a3 Bxc3+ 5. bxc3 dxe4 6. Qg4 Nf6 7. Qxg7 Rg8 8. Qh6 Rg6 9. Qd2 b6 10. Ne2 Ba6 11. Nf4 Rg8 12. Bxa6 Nxa6 13. O-O Nd5 14. c4 Nxf4 15. Qxf4 Qxd4 16. Be3 Qg7 17. Qxe4 O-O-O 18. Qa8+ Nb8 19. g3 a5 20. c5 Qe5 21. c6 1-0

[Event "November 21 Late 2023"]
[Site "https://www.chess.com"]
[Date "2023.11.21"]
[Round "5"]
[White "Thake, Conrad"]
[Black "Maisuradze, Nino"]
[Result "0-1"]
[Board "136"]
[TimeControl "180+1"]
[WhiteFideId "5602947"]
[BlackFideId "13601717"]
[WhiteElo "1685"]
[BlackElo "2108"]
[WhiteTeam "MLT"]
[BlackTeam "FRA"]
[WhiteClock "0:00:01"]
[BlackClock "0:00:32"]

1. e4 b6 2. d4 Bb7 3. Nc3 e6 4. Bd3 d5 5. e5 c5 6. Bb5+ Nc6 7. Nce2 a6 8. Bxc6+ Bxc6 9. c3 Ne7 10. f4 h5 11. Nf3 Nf5 12. O-O Bb5 13. a4 Bxe2 14. Qxe2 h4 15. Bd2 Be7 16. Ng5 Bxg5 17. fxg5 cxd4 18. Rxf5 exf5 19. e6 Qe7 20. exf7+ Kxf7 21. Qd3 Qe4 22. Qf1 dxc3 23. Bxc3 Rhe8 24. Re1 Qc2 25. Rc1 Qe4 26. Re1 Qg4 27. Rd1 h3 28. Rxd5 Qxg2+ 29. Qxg2 hxg2 30. Rxf5+ Kg6 31. Rd5 Re2 32. Rd6+ Kxg5 33. Rxb6 g6 34. h4+ Kh5 35. Rb4 Rf8 36. Kh2 Rf1 37. Bd4 g1=Q+ 38. Kh3 0-1

[Event "November 21 Late 2023"]
[Site "https://www.chess.com"]
[Date "2023.11.21"]
[Round "5"]
[White "Vargas, Mauricio"]
[Black "i_like_explosions"]
[Result "0-1"]
[Board "137"]
[TimeControl "180+1"]
[WhiteFideId "4404572"]
[WhiteElo "1988"]
[BlackElo "2373"]
[WhiteTeam "COL"]
[WhiteClock "0:00:00"]
[BlackClock "0:00:48"]

1. e4 e6 2. f4 d5 3. e5 c5 4. g4 Qh4+ 5. Ke2 Qxg4+ 6. Nf3 Nc6 7. Rg1 Nd4+ 8. Kf2 Qxf4 9. d3 Qxf3+ 10. Qxf3 Nxf3 11. Kxf3 Ne7 12. Nc3 Bd7 13. Bg5 Ng6 14. Re1 h6 15. Bd2 Be7 16. Kg2 b5 17. a3 Nh4+ 18. Kh1 Nf3 19. Bg2 Nxe1 20. Bxe1 f5 21. exf6 Bxf6 22. Nd1 Bc6 23. h3 Kd7 24. Bg3 e5 25. Kh2 Rae8 26. Bf3 Kc7 27. Bh5 Re7 28. c3 Kb6 29. Bf2 d4 30. cxd4 exd4 31. b4 Be5+ 32. Bg3 Bxg3+ 33. Rxg3 cxb4 34. axb4 a5 35. bxa5+ Kxa5 36. Rg6 Bd5 37. Nf2 Rf8 38. Ne4 Bxe4 39. dxe4 Rxe4 40. Rxg7 b4 41. Rg6 b3 42. Rxh6 b2 43. Bg6 Re2+ 0-1

[Event "November 21 Late 2023"]
[Site "https://www.chess.com"]
[Date "2023.11.21"]
[Round "5"]
[White "Lutz, Igor Oscar"]
[Black "Mazzilli, Piero"]
[Result "1-0"]
[Board "138"]
[TimeControl "180+1"]
[WhiteFideId "2110806"]
[BlackFideId "807087"]
[WhiteElo "1749"]
[BlackElo "2358"]
[WhiteTeam "BRA"]
[BlackTeam "ITA"]
[WhiteClock "0:00:07"]
[BlackClock "0:00:13"]

1. d4 f5 2. c4 Nf6 3. Nf3 g6 4. g3 Bg7 5. Bg2 O-O 6. O-O d6 7. b3 Nc6 8. d5 Ne5 9. Nxe5 dxe5 10. Bb2 e4 11. Nd2 e6 12. dxe6 Bxe6 13. Qc2 Qe7 14. Rad1 Rad8 15. Rfe1 Rd7 16. Nf1 Rfd8 17. Ne3 Bh6 18. Rxd7 Rxd7 19. Qc3 Bg7 20. Rd1 Rxd1+ 21. Nxd1 Qd6 22. Qc2 Bf7 23. Ne3 Kf8 24. Qc3 a6 25. Nd5 Bxd5 26. cxd5 Ne8 27. Qc2 Qxd5 28. Bxg7+ Kxg7 29. Qc3+ Kg8 30. Qb4 Nd6 31. e3 Nf7 32. Bf1 Ne5 33. Qe7 Qd6 34. Qe8+ Kg7 35. Be2 h5 36. h4 c5 37. Qa4 b5 38. Qa5 c4 39. bxc4 bxc4 40. Qc3 Kf7 41. Bxc4+ Ke7 42. Bf1 Nf3+ 43. Kg2 Ne5 44. Qb3 Kf8 45. Qb7 Kg8 46. Qxa6 Qxa6 47. Bxa6 Kf8 48. a4 Ke7 49. Bb5 Kd6 50. Kf1 Kc5 51. Ke2 Nf3 52. Be8 Ne5 53. Kd2 Kb4 54. Bb5 Ng4 55. Be8 Ne5 56. Ke2 Ka5 57. Bb5 Kb6 58. Be8 Kc5 59. Kd2 Ng4 60. Bxg6 Nxf2 61. Bxh5 Nh1 62. g4 fxg4 63. Bxg4 Nf2 64. Bf5 Kd5 65. h5 Ke5 66. Bg6 Ng4 67. a5 Nf6 68. a6 Nd7 69. a7 Nb6 70. Kc3 Kf6 71. Kd4 Kg5 72. Kxe4 Kh6 73. Kd4 Na8 74. Kc5 Nc7 75. Kb6 Na8+ 76. Kb7 Kg7 77. Kxa8 1-0

[Event "November 21 Late 2023"]
[Site "https://www.chess.com"]
[Date "2023.11.21"]
[Round "5"]
[White "Jimenez Fernandez, Rebeca"]
[Black "SergioMoralesG"]
[Result "1-0"]
[Board "139"]
[TimeControl "180+1"]
[WhiteFideId "32070934"]
[WhiteElo "2015"]
[BlackElo "2356"]
[WhiteTeam "ESP"]
[WhiteClock "0:01:51"]
[BlackClock "0:01:22"]

1. e4 c5 2. Nc3 Nc6 3. g3 g6 4. Bg2 Bg7 5. d3 Rb8 6. Be3 d6 7. Qd2 b5 8. Nge2 Nd4 9. O-O Qa5 10. Nc1 Nf6 11. h3 O-O 12. f4 e5 13. f5 gxf5 14. Bh6 f4 15. Bxg7 Kxg7 16. gxf4 h6 17. fxe5 dxe5 18. Rxf6 Kxf6 19. Nd5+ Kg7 20. Qxa5 Nxc2 21. Rb1 Be6 22. Qd2 Nd4 23. Qf2 Bxd5 24. exd5 Rb6 25. Ne2 Rf6 26. Qg3+ Rg6 27. Qxe5+ Kh7 28. Nxd4 cxd4 29. Rf1 1-0

[Event "November 21 Late 2023"]
[Site "https://www.chess.com"]
[Date "2023.11.21"]
[Round "5"]
[White "Jelcic, Marko"]
[Black "Shapiro, Daniel"]
[Result "0-1"]
[Board "140"]
[TimeControl "180+1"]
[WhiteFideId "14406489"]
[BlackFideId "2001780"]
[WhiteElo "2156"]
[BlackElo "2320"]
[WhiteTeam "BIH"]
[BlackTeam "USA"]
[WhiteClock "0:01:44"]
[BlackClock "0:02:11"]

1. d4 Nf6 2. c4 e6 3. Nc3 Bb4 4. Bd2 b6 5. Nf3 Bb7 6. e3 O-O 7. Bd3 d5 8. O-O a6 9. Re1 Nbd7 10. e4 Bxc3 11. Bxc3 dxe4 12. Bc2 exf3 0-1

[Event "November 21 Late 2023"]
[Site "https://www.chess.com"]
[Date "2023.11.21"]
[Round "5"]
[White "Castillo Pena, Patricia Evarista"]
[Black "Gerbelli Neto, Eduardo"]
[Result "1-0"]
[Board "141"]
[TimeControl "180+1"]
[WhiteFideId "6412106"]
[BlackFideId "2103281"]
[WhiteElo "1861"]
[BlackElo "2178"]
[WhiteTeam "DOM"]
[BlackTeam "BRA"]
[WhiteClock "0:00:39"]
[BlackClock "0:00:04"]

1. d4 d5 2. Nf3 Nf6 3. e3 e6 4. Bd3 c5 5. b3 Nc6 6. Bb2 Be7 7. O-O O-O 8. Nbd2 cxd4 9. exd4 Qc7 10. a3 Bd6 11. Re1 Ne7 12. c4 b6 13. Rc1 Qd8 14. Ne5 Bb7 15. Qe2 Ng6 16. g3 Rc8 17. h4 Re8 18. Qe3 Nxe5 19. dxe5 Bc5 20. Bd4 Nd7 21. b4 Bxd4 22. Qxd4 dxc4 23. Nxc4 Rf8 24. Nd6 Rc7 25. Nxb7 Rxb7 26. Qe4 1-0

[Event "November 21 Late 2023"]
[Site "https://www.chess.com"]
[Date "2023.11.21"]
[Round "5"]
[White "Smirnov, Timofey"]
[Black "Mendez Machado, Andre"]
[Result "0-1"]
[Board "142"]
[TimeControl "180+1"]
[WhiteFideId "24176427"]
[BlackFideId "6603793"]
[WhiteElo "2245"]
[BlackElo "1950"]
[WhiteTeam "RUS"]
[BlackTeam "PAN"]
[WhiteClock "0:01:44"]
[BlackClock "0:01:07"]

1. d4 Nf6 2. Bf4 e6 3. e3 d5 4. Nd2 Bd6 5. Bg3 O-O 6. Ngf3 c5 7. c3 Qc7 8. Ne5 Nbd7 9. Ndf3 Ne4 10. Nxd7 Bxd7 11. Ne5 Nxg3 12. Nxd7 Nxh1 13. Nxf8 Kxf8 14. Bd3 Bxh2 15. Qh5 Nxf2 16. Kxf2 Qg3+ 17. Ke2 Qxg2+ 18. Ke1 Bg3+ 19. Kd1 Qg1+ 20. Kc2 Qxa1 21. Qxh7 c4 22. Be2 Ke7 23. Qxg7 Qe1 24. Qg5+ Kd7 25. Qg4 Rh8 0-1

[Event "November 21 Late 2023"]
[Site "https://www.chess.com"]
[Date "2023.11.21"]
[Round "5"]
[White "Sarkar, Justin"]
[Black "Burke, Paul"]
[Result "1-0"]
[Board "143"]
[TimeControl "180+1"]
[WhiteFideId "2010011"]
[BlackFideId "2605767"]
[WhiteElo "2138"]
[BlackElo "1853"]
[WhiteTeam "USA"]
[BlackTeam "CAN"]
[WhiteClock "0:00:59"]
[BlackClock "0:00:00"]

1. e4 e5 2. Nf3 Nc6 3. Bb5 f5 4. Bxc6 dxc6 5. Nc3 Nf6 6. Qe2 Be7 7. Nxe5 O-O 8. Qc4+ Kh8 9. Nf7+ Rxf7 10. Qxf7 fxe4 11. O-O Bd6 12. d3 exd3 13. cxd3 Bf5 14. Ne4 Bxe4 15. dxe4 Nxe4 16. Bf4 Bc5 17. Rad1 Bxf2+ 18. Kh1 Qh4 19. Rd7 1-0

[Event "November 21 Late 2023"]
[Site "https://www.chess.com"]
[Date "2023.11.21"]
[Round "5"]
[White "Tsiolakidis, Anastasios"]
[Black "Schmakel, Sam"]
[Result "0-1"]
[Board "144"]
[TimeControl "180+1"]
[WhiteFideId "4201477"]
[BlackFideId "2039311"]
[WhiteElo "2251"]
[BlackElo "2356"]
[WhiteTeam "GRE"]
[BlackTeam "USA"]
[WhiteClock "0:00:41"]
[BlackClock "0:00:42"]

1. e4 e5 2. f4 Bc5 3. Nf3 d6 4. c3 Bb6 5. d4 Nf6 6. dxe5 Nxe4 7. Bc4 O-O 8. Qe2 d5 9. Bd3 f5 10. exf6 Qxf6 11. Rf1 Nc6 12. Nbd2 Bf5 13. Nxe4 dxe4 14. Bc4+ Kh8 15. Ng5 e3 16. g4 Bg6 17. Rf3 Rae8 18. h4 h6 19. Bxe3 Bxe3 20. Rxe3 Rxe3 21. Qxe3 Re8 22. Ne6 Na5 23. Bd5 c6 24. g5 Qf5 25. Qd4 Qf7 26. O-O-O cxd5 27. f5 Bxf5 28. Nf4 Nc6 29. Qc5 Bg4 30. Rf1 Ne5 31. Qxa7 Nd3+ 32. Nxd3 Qxf1+ 33. Kc2 Qd1# 0-1

[Event "November 21 Late 2023"]
[Site "https://www.chess.com"]
[Date "2023.11.21"]
[Round "5"]
[White "Souza, Gustavo Horokoski De"]
[Black "Herman, Matthew"]
[Result "0-1"]
[Board "145"]
[TimeControl "180+1"]
[WhiteFideId "2146584"]
[BlackFideId "2028964"]
[WhiteElo "1824"]
[BlackElo "2368"]
[WhiteTeam "BRA"]
[BlackTeam "USA"]
[WhiteClock "0:00:19"]
[BlackClock "0:00:22"]

1. c4 Nf6 2. Nc3 g6 3. d4 d6 4. e4 Bg7 5. Be2 O-O 6. Bg5 c5 7. d5 b5 8. cxb5 a6 9. bxa6 Bxa6 10. Nf3 Nbd7 11. O-O Qa5 12. a4 Qb4 13. Bd2 Nxe4 14. Nxe4 Qxe4 15. Bxa6 Rxa6 16. Re1 Qxd5 17. Rxe7 Nb6 18. a5 Bxb2 19. Rb1 Nc4 20. Qe2 Bg7 21. h4 Raa8 22. Rbb7 Nxd2 23. Nxd2 Rxa5 24. h5 Ra1+ 25. Kh2 Be5+ 26. g3 Rh1# 0-1

[Event "November 21 Late 2023"]
[Site "https://www.chess.com"]
[Date "2023.11.21"]
[Round "5"]
[White "Manfroi, Alexander Giannini"]
[Black "Minko, Dmitry"]
[Result "0-1"]
[Board "146"]
[TimeControl "180+1"]
[WhiteFideId "22739335"]
[BlackFideId "24188468"]
[WhiteElo "1618"]
[BlackElo "1992"]
[WhiteTeam "BRA"]
[BlackTeam "FID"]
[WhiteClock "0:00:08"]
[BlackClock "0:01:05"]

1. e4 e5 2. Nf3 Nc6 3. Bc4 Nf6 4. Ng5 d5 5. exd5 Nd4 6. c3 b5 7. cxd4 bxc4 8. dxe5 Qxd5 9. O-O Bb7 10. Nf3 Ng4 11. Nc3 Qc6 12. d4 cxd3 13. Qxd3 Bc5 14. h3 Nxe5 15. Re1 f6 16. Bf4 O-O 17. Bxe5 fxe5 18. Rad1 Bd4 19. Ne4 Rad8 20. Qb3+ Kh8 21. Neg5 Rd5 22. Rc1 Qb6 23. Qxb6 Bxb6 24. Rf1 h6 25. Ne4 Rb5 26. b3 Bxe4 27. Nh4 g5 28. Nf3 Bxf3 29. gxf3 Rxf3 30. Kg2 Rf4 31. Kg3 e4 32. Rc6 Rbf5 33. Rxh6+ Kg7 34. Rc6 e3 35. f3 e2 36. Re1 Rxf3+ 37. Kg4 R3f4+ 38. Kg3 Bf2+ 39. Kg2 Bxe1 0-1

[Event "November 21 Late 2023"]
[Site "https://www.chess.com"]
[Date "2023.11.21"]
[Round "5"]
[White "Kniazev, Igor"]
[Black "Padalka, Artem"]
[Result "0-1"]
[Board "147"]
[TimeControl "180+1"]
[WhiteFideId "4136349"]
[BlackFideId "14118637"]
[WhiteElo "1862"]
[BlackElo "2056"]
[WhiteTeam "RUS"]
[BlackTeam "POL"]
[WhiteClock "0:00:22"]
[BlackClock "0:00:44"]

1. e4 c5 2. f4 d6 3. Nf3 g6 4. Bc4 Bg7 5. O-O Nc6 6. c3 Nf6 7. Qe1 O-O 8. d3 Bg4 9. Be3 a6 10. Nbd2 Na5 11. Bd5 Nxd5 12. exd5 b5 13. Qh4 Bf5 14. Ne4 c4 15. g4 Bd7 16. f5 cxd3 17. Nfg5 h6 18. fxg6 fxg6 19. Ne6 Bxe6 20. dxe6 Nc4 21. Bxh6 Qb6+ 22. Kh1 Ne5 23. Qxe7 Bxh6 24. Nf6+ Rxf6 25. Rxf6 Qc6+ 26. Kg1 Be3+ 27. Rf2 Qf3 28. Rf1 Rf8 29. Qh4 Qxg4+ 30. Qxg4 Nxg4 31. e7 Re8 32. Kg2 Bxf2 33. h3 Ne3+ 0-1

[Event "November 21 Late 2023"]
[Site "https://www.chess.com"]
[Date "2023.11.21"]
[Round "5"]
[White "kinghunter183"]
[Black "Harish, Neeraj"]
[Result "1-0"]
[Board "148"]
[TimeControl "180+1"]
[BlackFideId "30958130"]
[WhiteElo "2112"]
[BlackElo "1866"]
[BlackTeam "USA"]
[WhiteClock "0:00:26"]
[BlackClock "0:00:29"]

1. c4 e6 2. b3 d5 3. cxd5 exd5 4. Bb2 Nf6 5. Nf3 Be7 6. e3 O-O 7. d4 c6 8. Bd3 Bg4 9. Nbd2 Nbd7 10. h3 Bh5 11. O-O Bd6 12. Be2 Re8 13. Rc1 Qe7 14. Ne1 Bxe2 15. Qxe2 Ne4 16. Nxe4 dxe4 17. Nc2 Qg5 18. Rfd1 h5 19. Na3 Re6 20. Nc4 Bc7 21. Qc2 Rae8 22. Kh1 Rg6 23. Rg1 Qh4 24. Qe2 Rg3 25. fxg3 Qxg3 26. Ne5 Nxe5 27. dxe5 Rxe5 28. Qe1 Qg5 29. Bxe5 Qxe5 30. g3 h4 31. Qc3 Qd6 32. Qd4 Qe6 33. Kg2 hxg3 34. Rcd1 Qf5 35. Rgf1 Qb5 36. Qc4 1-0

[Event "November 21 Late 2023"]
[Site "https://www.chess.com"]
[Date "2023.11.21"]
[Round "5"]
[White "Lopez, Nelson M, Ii"]
[Black "Oliveira, Tiago Batista"]
[Result "1-0"]
[Board "149"]
[TimeControl "180+1"]
[WhiteFideId "2027895"]
[BlackFideId "2108291"]
[WhiteElo "2268"]
[BlackElo "1962"]
[WhiteTeam "USA"]
[BlackTeam "BRA"]
[WhiteClock "0:00:08"]
[BlackClock "0:00:00"]

1. e4 c5 2. Nf3 Nc6 3. Bb5 Nf6 4. e5 Nd5 5. O-O a6 6. Bxc6 bxc6 7. c4 Nc7 8. d4 cxd4 9. Qxd4 Ne6 10. Qh4 Qb6 11. Nc3 Bb7 12. Be3 Qxb2 13. Rab1 Qxc3 14. Rxb7 g6 15. Rd1 Rd8 16. Nd4 Nxd4 17. Bxd4 Qxc4 18. g3 Bg7 19. e6 Bxd4 20. exd7+ Kf8 21. Rxd4 Qc1+ 22. Kg2 Kg7 23. Qxe7 Rhf8 24. Rf4 1-0

[Event "November 21 Late 2023"]
[Site "https://www.chess.com"]
[Date "2023.11.21"]
[Round "5"]
[White "Blackwhite017"]
[Black "Golubenko, Valentina"]
[Result "1/2-1/2"]
[Board "150"]
[TimeControl "180+1"]
[BlackFideId "4501993"]
[WhiteElo "2031"]
[BlackElo "2126"]
[BlackTeam "CRO"]
[WhiteClock "0:00:07"]
[BlackClock "0:00:08"]

1. e4 e6 2. d3 d5 3. Nd2 g6 4. g3 Bg7 5. Bg2 Ne7 6. Ngf3 O-O 7. O-O c5 8. c3 Nbc6 9. Qc2 b6 10. Rd1 Ba6 11. Nf1 Rc8 12. h4 h5 13. a3 c4 14. d4 dxe4 15. Qxe4 Nd5 16. Bg5 Qe8 17. N3d2 Na5 18. Qc2 Bb7 19. Re1 Qd7 20. Re2 Nc6 21. Rae1 b5 22. Bh3 Rfe8 23. Ne3 Nxe3 24. Rxe3 Na5 25. Ne4 Qd5 26. f3 f5 27. Nf6+ Bxf6 28. Bxf6 Nb3 29. Bg2 Rc7 30. R3e2 Qd7 31. f4 Bxg2 32. Rxg2 a5 33. Rge2 b4 34. axb4 axb4 35. Re5 bxc3 36. bxc3 Rc6 37. Qa2 Nxd4 38. cxd4 Qxd4+ 39. Qf2 Qd3 40. Qa7 Qxg3+ 41. Kf1 Qf3+ 42. Kg1 Qg3+ 43. Kh1 Qh3+ 44. Kg1 Qg3+ 1/2-1/2

[Event "November 21 Late 2023"]
[Site "https://www.chess.com"]
[Date "2023.11.21"]
[Round "5"]
[White "Awoki, Daniel Teidi"]
[Black "Desideri, Ricardo Maruchi"]
[Result "0-1"]
[Board "151"]
[TimeControl "180+1"]
[WhiteFideId "2100827"]
[BlackFideId "2110440"]
[WhiteElo "2077"]
[BlackElo "1945"]
[WhiteTeam "BRA"]
[BlackTeam "BRA"]
[WhiteClock "0:00:22"]
[BlackClock "0:00:21"]

1. e4 c5 2. Nf3 d6 3. d4 cxd4 4. Nxd4 Nf6 5. Nc3 a6 6. Bg5 e6 7. Qd2 h6 8. Bh4 Qb6 9. Nb3 Be7 10. O-O-O Nxe4 11. Nxe4 Bxh4 12. Nxd6+ Ke7 13. Kb1 Bd7 14. g3 Bf6 15. Bg2 Rd8 16. Nc4 Qc7 17. Nca5 Nc6 18. Nxc6+ Bxc6 19. Qb4+ Ke8 20. Bxc6+ Qxc6 21. Rhe1 Rac8 22. c3 Be7 23. Qg4 Kf8 24. Nd4 Qb6 25. Ka1 Bf6 26. Nb3 Rxd1+ 27. Rxd1 Kg8 28. Qf3 a5 29. a4 Qxb3 30. Qg4 Rxc3 31. bxc3 0-1

[Event "November 21 Late 2023"]
[Site "https://www.chess.com"]
[Date "2023.11.21"]
[Round "6"]
[White "Xiong, Jeffery"]
[Black "Nakamura, Hikaru"]
[Result "1/2-1/2"]
[Board "1"]
[TimeControl "180+1"]
[WhiteFideId "2047640"]
[BlackFideId "2016192"]
[WhiteElo "2726"]
[BlackElo "2874"]
[WhiteTeam "USA"]
[BlackTeam "USA"]
[WhiteClock "0:02:03"]
[BlackClock "0:02:32"]

1. d4 Nf6 2. c4 e6 3. Nc3 Bb4 4. Nf3 O-O 5. Bg5 c5 6. e3 cxd4 7. exd4 d5 8. Rc1 Be7 9. Be2 dxc4 10. Bxc4 Nc6 11. O-O h6 12. Bh4 Nh5 13. Bxe7 Nxe7 14. d5 exd5 15. Nxd5 Nxd5 16. Qxd5 Qxd5 17. Bxd5 Nf6 18. Bb3 Be6 1/2-1/2

[Event "November 21 Late 2023"]
[Site "https://www.chess.com"]
[Date "2023.11.21"]
[Round "6"]
[White "Esipenko, Andrey"]
[Black "Matlakov, Maxim"]
[Result "0-1"]
[Board "2"]
[TimeControl "180+1"]
[WhiteFideId "24175439"]
[BlackFideId "4168003"]
[WhiteElo "2615"]
[BlackElo "2638"]
[WhiteTeam "FID"]
[BlackTeam "RUS"]
[WhiteClock "0:00:00"]
[BlackClock "0:00:12"]

1. Nf3 Nf6 2. g3 b6 3. c4 Bb7 4. d4 e6 5. Bg2 Be7 6. O-O O-O 7. h4 a5 8. Re1 Na6 9. Nc3 d5 10. Ne5 c5 11. Be3 cxd4 12. Bxd4 Nc5 13. Rc1 Rc8 14. a3 Nce4 15. cxd5 Nxc3 16. Rxc3 Rxc3 17. Bxc3 Nxd5 18. Bd4 Qc7 19. Qc1 Bc5 20. Bxc5 bxc5 21. Nc4 Rb8 22. Rd1 h6 23. Rd2 a4 24. Rc2 Ba6 25. Bf3 Rd8 26. Nd2 Qe5 27. e3 Nxe3 28. fxe3 Qxg3+ 29. Bg2 Qxe3+ 30. Kh1 Be2 31. Nf1 Qf2 32. Rd2 Rd4 33. Rxd4 cxd4 34. Qd2 d3 35. Nh2 Qxh4 36. Kg1 Qd4+ 37. Kh1 e5 38. Nf3 Qf2 39. Nh2 f5 40. Qb4 e4 41. Qb8+ Kh7 42. Qe5 d2 0-1